 Dungeon Sprint DCSS version 0.22.1-2-g9c5b331383 (webtiles) character file.

19500000 Groucho the Axe Maniac (level 27, -17/298 HPs)
             Began as a Deep Dwarf Assassin on Nov 16, 2018.
             Was the Champion of Makhleb.
             Killed from afar by a scourge (40 damage)
             ... with a poison arrow
             ... in the Dungeon (Sprint VIII: "Arena of Blood").
             The game lasted 00:10:49 (195 turns).

Groucho the Axe Maniac (Deep Dwarf Assassin)         Turns: 195, Time: 00:10:50

Health: -17/298    AC:  6    Str: 18    XL:     27
Magic:  54/54      EV: 36    Int: 13    God:    Makhleb [******]
Gold:   0          SH:  0    Dex: 23    Spells: 80/80 levels left

rFire    . . .     SeeInvis .   n - +∞ Axe of Woe
rCold    . . .     Gourm    .   (shield currently unavailable)
rNeg     + . .     Faith    .   c - +0 robe
rPois    .         Spirit   .   (no helmet)
rElec    .         Reflect  .   d - +0 cloak
rCorr    .         Harm     .   (no gloves)
MR       ++++.     NoTele   +   (no boots)
Stlth    ++++......             (no amulet)
HPRegen  0.00/turn              (no ring)
MPRegen  0.34/turn              (no ring)

@: lethally poisoned (-17 -> -137), non-regenerating, mildly diseased
A: damage resistance, heal wounds, negative energy resistance 1, sense
surroundings 3, no regeneration
0: Orb of Zot
a: Heal Wounds, Minor Destruction, Lesser Servant of Makhleb, Major Destruction,
Greater Servant of Makhleb, Renounce Religion


You were in the Dungeon.
You worshipped Makhleb.
Makhleb was exalted by your worship.
You were not hungry.

You visited 1 branch

Inventory:

Hand Weapons
 a - a +2 dagger
 b - a +0 blowgun
 i - a +9 great mace
 n - the +∞ Axe of Woe (weapon)
   (You found it in the Dungeon)
 o - a +9 great sword of slicing
 q - a +9 glaive of flaming
 u - a +9 giant spiked club
Missiles
 e - 8 poisoned needles
 f - 2 curare-tipped needles
Armour
 c - a +0 robe (worn)
 d - a +0 cloak (worn)
Jewellery
 p - a +200 ring of slaying
 r - a +200 ring of slaying
 s - a +130 ring of slaying
 t - a +200 ring of slaying
 v - a +200 ring of slaying
 w - a +100 ring of slaying
 x - a +200 ring of slaying
 y - a +200 ring of slaying
 z - a +400 ring of slaying
 A - a +250 ring of slaying
 B - a +200 ring of slaying
 C - a +400 ring of slaying
 D - a +400 ring of slaying
 E - a +400 ring of slaying
Scrolls
 m - a scroll of blinking
Potions
 h - a potion of curing
 j - a potion of haste
 k - 2 potions of magic
 l - a potion of berserk rage
Comestibles
 g - a ration


   Skills:
 O Level 27 Fighting
 O Level 27 Short Blades
 O Level 27 Long Blades
 O Level 27 Axes
 O Level 27 Maces & Flails
 O Level 27 Polearms
 O Level 27 Throwing
 O Level 27 Armour
 O Level 27 Dodging
 O Level 27 Stealth
 O Level 27 Unarmed Combat
 O Level 27 Spellcasting
 O Level 27 Invocations


You had 80 spell levels left.
You didn't know any spells.
Your spell library was empty.

Dungeon Overview and Level Annotations

Branches:
Dungeon (1/1)

Altars:
Makhleb


Innate Abilities, Weirdness & Mutations

You are resistant to damage.
You can heal yourself by infusing magical energy.
You resist negative energy. (rN+)
You passively map a large area around you.
You do not regenerate.


Message History

The fleshlord gestures wildly while chanting.
The fleshlord seems to speed up.
You hear a roar!
You hear a shout! 2 crawling corpses come into view.
Unknown command.
You slice the crawling corpse!!
You butcher the crawling corpse messily.
You destroy the crawling corpse!
You are engulfed in blazing flames.
* * * LOW HITPOINT WARNING * * *
x2 You feel very sick.
You hear a shout!
You feel something staring at you. Something smites you!
* * * LOW HITPOINT WARNING * * *
You hear a shout! x2
The small abomination is engulfed in blazing flames.
The scourge throws poison arrow at you. The poison arrow hits you!
You are more poisoned.
You die...

,,,, ,,, , , , ,,
, , , ,....... ,
, , , * ,, o.
,..... , , , ,
#.. ..D.# ,,, , ,
o #.. ,...#, o.,
, * , ,.###.%,
..S###o)., , ,, ,
..%ooM###.x..poo.
.§o%p§§§.)oO.D..
, , , #oxx@p#,, ,
, , ,#o§§§_#,,, ,
,, , ,, ,,


,#WoDoo#, , , , , .....zo.S)xS...Mo., , .......###.xW..... * , ..###..,
.oD###W.. , , ,, ,. #.. ...#,, W. ,,,, ,, , #..,....# , ,, ,, ,o.. ..... ,, ,
You could see an accursed, 4 eight-headed meat hydras, 3 scourges, 3 fleshlords,
a sculptor of flesh, 2 dreads, a meat berserker (berserk), a small abomination,
15 bags of meat and 4 crawling corpses.

Vanquished Creatures
  Dispater (D)
  13 hell knights (D)
  Sigmund (D)
  19 hell beasts (D)
  9 greater mummies (D)
  6 great orbs of eyes (D)
  9 wraiths (D)
  Harold (D)
  22 vampire knights (D)
  49 ogres (D)
  6 two-headed ogres (D)
  7 liches (D)
  5 hydras (D)
  74 orcs (D)
  12 phantoms (D)
  5 skeletal warriors (D)
  8 sea snakes (D)
  7 small abominations (D)
  13 large abominations (D)
  2 ball lightnings (D)
  16 crawling corpses (D)
285 creatures vanquished.

Vanquished Creatures (others)
  A hell knight (D)
  7 orcs (D)
  8 ball lightnings (D)
  A crawling corpse (D)
17 creatures vanquished.

Grand Total: 302 creatures vanquished

Notes
Turn   | Place    | Note
-------+----------+-------------------------------------------
     0 | D        | Found the +∞ Axe of Woe
     0 | D        | Groucho the Deep Dwarf Assassin began the quest for the
                  | Orb.
     0 | D        | Reached XP level 1. HP: 19/19 MP: 1/1
     2 | D        | Noticed a bag of meat
     3 | D        | Noticed a bag of meat
     3 | D        | Noticed a bag of meat
     4 | D        | Became a worshipper of Makhleb the Destroyer
     4 | D        | Noticed a meat berserker
     7 | D        | Noticed a bag of meat
     9 | D        | Killed a bag of meat
     9 | D        | Reached skill level 27 in Axes
     9 | D        | Reached XP level 2. HP: 26/26 MP: 2/2
     9 | D        | Reached XP level 3. HP: 32/32 MP: 3/3
     9 | D        | Reached XP level 4. HP: 39/39 MP: 4/4
     9 | D        | Reached XP level 5. HP: 45/45 MP: 5/5
     9 | D        | Reached XP level 6. HP: 52/52 MP: 6/6
     9 | D        | Reached XP level 7. HP: 58/58 MP: 7/7
     9 | D        | Reached XP level 8. HP: 66/66 MP: 8/8
     9 | D        | Gained mutation: You passively map the area around you.
                  | [Deep Dwarf growth]
     9 | D        | Reached XP level 9. HP: 73/73 MP: 9/9
     9 | D        | Reached XP level 10. HP: 80/80 MP: 10/10
     9 | D        | Reached XP level 11. HP: 86/86 MP: 11/11
     9 | D        | Noticed a bag of meat
     9 | D        | Noticed a meat berserker
     9 | D        | Noticed a bag of meat
    10 | D        | Killed a meat berserker
    10 | D        | Reached * piety under Makhleb
    10 | D        | Reached XP level 12. HP: 76/93 MP: 12/12
    10 | D        | Reached XP level 13. HP: 81/99 MP: 13/13
    11 | D        | Noticed a meat berserker
    11 | D        | Noticed a bag of meat
    12 | D        | Killed a meat berserker
    12 | D        | Reached skill level 27 in Dodging
    12 | D        | Gained mutation: You resist negative energy. (rN+) [Deep
                  | Dwarf growth]
    12 | D        | Reached XP level 14. HP: 40/145 MP: 14/14
    12 | D        | Noticed a bag of meat
    13 | D        | Killed a bag of meat
    13 | D        | Reached XP level 15. HP: 99/165 MP: 15/15
    14 | D        | Reached ** piety under Makhleb
    17 | D        | Killed a meat berserker
    17 | D        | Reached skill level 27 in Fighting
    17 | D        | Reached skill level 15 in Invocations
    17 | D        | Reached XP level 16. HP: 200/200 MP: 15/27
    17 | D        | Reached *** piety under Makhleb
    17 | D        | Reached XP level 17. HP: 208/208 MP: 15/34
    18 | D        | Reached skill level 27 in Invocations
    18 | D        | Reached skill level 15 in Armour
    21 | D        | Reached **** piety under Makhleb
    21 | D        | Noticed a meat berserker
    22 | D        | Reached skill level 27 in Armour
    22 | D        | Gained mutation: You passively map a large area around you.
                  | [Deep Dwarf growth]
    22 | D        | Reached XP level 18. HP: 218/218 MP: 15/35
    22 | D        | Noticed a destroyer
    26 | D        | Noticed a destroyer
    27 | D        | Killed a meat berserker
    27 | D        | Noticed a large bag of meat
    28 | D        | Noticed a large bag of meat
    28 | D        | Noticed a destroyer
    29 | D        | Killed a destroyer
    29 | D        | Reached ***** piety under Makhleb
    29 | D        | Reached XP level 19. HP: 194/226 MP: 17/46
    29 | D        | Killed a large bag of meat
    29 | D        | Reached skill level 27 in Spellcasting
    32 | D        | Killed a large bag of meat
    34 | D        | Reached XP level 20. HP: 176/236 MP: 18/51
    36 | D        | Killed a destroyer
    38 | D        | Noticed a meat berserker
    39 | D        | Noticed The Servant
    40 | D        | Noticed a destroyer
    41 | D        | Noticed a meat berserker
    42 | D        | Noticed a meat berserker
    44 | D        | Killed a meat berserker
    44 | D        | Reached ****** piety under Makhleb
    44 | D        | Reached XP level 21. HP: 244/244 MP: 21/52
    45 | D        | Noticed a tyrant
    46 | D        | Killed a destroyer
    47 | D        | Reached skill level 27 in Short Blades
    47 | D        | Reached skill level 27 in Throwing
    47 | D        | Reached skill level 27 in Unarmed Combat
    47 | D        | Reached XP level 22. HP: 254/254 MP: 22/53
    48 | D        | Noticed a destroyer
    50 | D        | Noticed a destroyer
    52 | D        | Killed The Servant
    52 | D        | Killed a destroyer
    52 | D        | Reached skill level 27 in Long Blades
    52 | D        | Reached skill level 27 in Stealth
    52 | D        | Reached XP level 23. HP: 262/262 MP: 23/54
    53 | D        | Noticed a tyrant
    54 | D        | Killed a destroyer
    54 | D        | Killed a destroyer
    54 | D        | Reached XP level 24. HP: 272/272 MP: 24/54
    55 | D        | Noticed an accursed
    56 | D        | Killed a tyrant
    58 | D        | Noticed an accursed
    59 | D        | Reached skill level 27 in Polearms
    60 | D        | Noticed a dread
    62 | D        | Noticed The Captor
    63 | D        | Noticed a destroyer
    67 | D        | Reached XP level 25. HP: 280/280 MP: 28/54
    68 | D        | Killed an accursed
    69 | D        | Killed an accursed
    69 | D        | Reached XP level 26. HP: 261/290 MP: 28/54
    72 | D        | Reached XP level 27. HP: 298/298 MP: 29/54
    72 | D        | Noticed a meat beast
    75 | D        | Noticed a dread
    76 | D        | Killed a meat beast
    78 | D        | Killed The Captor
    79 | D        | Noticed a meat beast
    83 | D        | Noticed an accursed
    86 | D        | Noticed an accursed
    88 | D        | Killed a meat beast
    89 | D        | Killed a dread
    93 | D        | Noticed an accursed
    93 | D        | Noticed a tyrant
    94 | D        | Killed an accursed
    94 | D        | Noticed a tyrant
    97 | D        | Noticed a meat beast
    97 | D        | Noticed a destroyer
    98 | D        | Killed a destroyer
   100 | D        | Killed a tyrant
   101 | D        | Killed a destroyer
   102 | D        | Killed an accursed
   102 | D        | Noticed an accursed
   103 | D        | Killed a meat beast
   106 | D        | Noticed a large bag of meat
   106 | D        | Noticed an accursed
   107 | D        | Noticed a meat beast
   109 | D        | Noticed a destroyer
   111 | D        | Noticed a dread
   112 | D        | Killed an accursed
   113 | D        | Killed a dread
   114 | D        | Killed a tyrant
   117 | D        | Killed a meat beast
   117 | D        | Killed an accursed
   117 | D        | Killed a dread
   117 | D        | Noticed a tyrant
   120 | D        | Killed a large bag of meat
   120 | D        | Noticed a dread
   122 | D        | Noticed a destroyer
   124 | D        | Killed a destroyer
   124 | D        | Noticed a fleshlord
   125 | D        | Killed a fleshlord
   126 | D        | Noticed a destroyer
   127 | D        | Killed a tyrant
   129 | D        | Killed a dread
   130 | D        | Noticed a fleshlord
   130 | D        | Noticed a fleshlord
   130 | D        | Noticed a tyrant
   131 | D        | Killed a destroyer
   133 | D        | Killed a destroyer
   134 | D        | Noticed a destroyer
   135 | D        | Killed a fleshlord
   137 | D        | Killed an accursed
   137 | D        | Killed a fleshlord
   137 | D        | Noticed a meat beast
   138 | D        | Noticed an accursed
   138 | D        | Noticed a destroyer
   140 | D        | Noticed a destroyer
   141 | D        | Killed a destroyer
   141 | D        | Noticed a destroyer
   141 | D        | Noticed a destroyer
   142 | D        | Killed a meat beast
   142 | D        | Noticed a meat beast
   142 | D        | Noticed a fleshlord
   144 | D        | Killed a destroyer
   144 | D        | Noticed a dread
   145 | D        | Killed a destroyer
   145 | D        | Noticed a destroyer
   146 | D        | Killed a meat beast
   146 | D        | Killed a destroyer
   146 | D        | Noticed a dread
   149 | D        | Killed a dread
   149 | D        | Noticed a destroyer
   150 | D        | Killed a fleshlord
   150 | D        | Killed a destroyer
   150 | D        | Noticed a fleshlord
   151 | D        | Noticed a dread
   151 | D        | Noticed The Meatlord
   152 | D        | Noticed a meat beast
   154 | D        | Reached skill level 27 in Maces & Flails
   155 | D        | Killed a meat beast
   156 | D        | Noticed a destroyer
   157 | D        | Killed a fleshlord
   157 | D        | Killed a dread
   157 | D        | Noticed a meat beast
   158 | D        | Killed a destroyer
   158 | D        | Killed a dread
   158 | D        | Noticed a meat beast
   158 | D        | Noticed a destroyer
   158 | D        | Noticed a tyrant
   159 | D        | Noticed a meat beast
   160 | D        | Killed a destroyer
   161 | D        | Killed a destroyer
   161 | D        | Killed an accursed
   161 | D        | Noticed a dread
   162 | D        | Noticed a dread
   162 | D        | Noticed a fleshlord
   163 | D        | Killed a meat beast
   163 | D        | Noticed a large bag of meat
   165 | D        | Killed a meat beast
   165 | D        | Noticed a fleshlord
   166 | D        | Killed a meat beast
   166 | D        | Noticed a fleshlord
   167 | D        | Killed a large bag of meat
   167 | D        | Killed a fleshlord
   170 | D        | Killed a tyrant
   170 | D        | Noticed a large bag of meat
   171 | D        | Noticed a tyrant
   172 | D        | Killed a dread
   172 | D        | Noticed a fleshlord
   172 | D        | Noticed a fleshlord
   173 | D        | Noticed a meat beast
   173 | D        | Killed a dread
   173 | D        | Killed a fleshlord
   173 | D        | Noticed a fleshlord
   173 | D        | Noticed a fleshlord
   174 | D        | Killed a fleshlord
   174 | D        | Killed a fleshlord
   175 | D        | Noticed a large bag of meat
   175 | D        | Noticed a meat beast
   175 | D        | Noticed a large bag of meat
   176 | D        | Killed a fleshlord
   176 | D        | Noticed a meat beast
   176 | D        | Noticed a meat beast
   177 | D        | Noticed a fleshlord
   177 | D        | Noticed a meat beast
   177 | D        | Noticed an accursed
   178 | D        | Noticed a meat beast
   179 | D        | Killed a meat beast
   179 | D        | Killed a meat beast
   179 | D        | Killed a meat beast
   179 | D        | Noticed a meat beast
   180 | D        | Noticed a fleshlord
   180 | D        | Killed a fleshlord
   180 | D        | Killed The Meatlord
   180 | D        | Killed a meat beast
   180 | D        | Noticed a meat beast
   181 | D        | Killed a fleshlord
   181 | D        | Killed a fleshlord
   181 | D        | Killed a destroyer
   181 | D        | Killed a tyrant
   182 | D        | Got the Orb of Zot
   183 | D        | Noticed a fleshlord
   183 | D        | Killed a meat beast
   183 | D        | Noticed a meat beast
   185 | D        | Killed a meat beast
   185 | D        | Killed a large bag of meat
   185 | D        | Killed a tyrant
   185 | D        | Noticed a dread
   185 | D        | Noticed a destroyer
   185 | D        | Noticed an accursed
   186 | D        | Killed a meat beast
   186 | D        | Noticed a destroyer
   186 | D        | Noticed a meat beast
   189 | D        | Noticed a fleshlord
   189 | D        | Killed a fleshlord
   189 | D        | Killed a meat beast
   190 | D        | Noticed a fleshlord
   191 | D        | Killed a destroyer
   191 | D        | Noticed a dread
   192 | D        | Killed a meat beast
   192 | D        | Killed an accursed
   193 | D        | Killed a large bag of meat
   194 | D        | Killed a destroyer
   194 | D        | Noticed a dread
   195 | D        | Killed from afar by a scourge

Skill      XL: |  1  2  3  4  5  6  7  8  9 10 11 12 13 14 15 16 17 18 19 20 21 22 23 24 25 26 27 |
---------------+----------------------------------------------------------------------------------+-----
Axes           | 27 | 27.0
Dodging        | 7 24 27 | 27.0
Fighting       | 14 18 27 | 27.0
Invocations    | 15 26 27 | 27.0
Armour         | 27 | 27.0
Spellcasting   | 2 23 27 | 27.0
Short Blades   | 13 22 27 | 27.0
Throwing       | 13 22 27 | 27.0
Unarmed Combat | 13 22 27 | 27.0
Stealth        | 9 27 | 27.0
Long Blades    | 27 | 27.0
Polearms       | 27 | 27.0
Maces & Flails | 27 | 27.0

Action                   |  1- 3 |  4- 6 |  7- 9 | 10-12 | 13-15 | 16-18 | 19-21 | 22-24 | 25-27 || total
-------------------------+-------+-------+-------+-------+-------+-------+-------+-------+-------++-------
Melee: Executioner's axe |     1 |       |       |     1 |     5 |     5 |     9 |    10 |   109 ||   140
Invok: Lesser Servant of |       |       |       |       |       |     1 |       |       |       ||     1
  Use: Potion            |       |       |       |       |       |       |       |       |     1 ||     1
Armor: Robe              |       |       |       |       |       |       |       |       |     1 ||     1
Dodge: Dodged            |       |       |       |     1 |       |       |     1 |     1 |    28 ||    31
